 Dungeon Crawl Stone Soup version 0.26-a0-639-g72c4674329 (webtiles) character file.

Game seed: 5484983670667912542

13 PentaManta the Skirmisher (level 2, -3/24 HPs)
             Began as a Formicid Abyssal Knight on Sept 19, 2020.
             Was an Initiate of Lugonu.
             Slain by a kobold
             ... wielding a +0 whip
              (6 damage)
             ... on level 1 of the Dungeon.
             The game lasted 00:01:25 (314 turns).

PentaManta the Skirmisher (Formicid Abyssal Knight)  Turns: 314, Time: 00:01:26

Health: -3/24      AC:  3    Str: 16    XL:     2   Next: 50%
Magic:  3/3        EV: 11    Int: 11    God:    Lugonu [......]
Gold:   30         SH:  0    Dex: 10    Spells: 1/1 levels left

rFire    . . .     SeeInvis +   a - +1 hand axe
rCold    . . .     Faith    .   (no shield)
rNeg     . . .     Spirit   .   b - +0 leather armour
rPois    .         Reflect  .   (helmet unavailable)
rElec    .         Harm     .   (no cloak)
rCorr    .         Rampage  .   (no gloves)
MR       .....                  (no boots)
Stlth    +.........             (no amulet)
HPRegen  0.08/turn              (no ring)
MPRegen  0.08/turn              (no ring)

@: no status effects
A: permanent stasis, dig shafts and tunnels, four strong arms, antennae 3
a: Dig, Shaft Self, Renounce Religion


You were on level 1 of the Dungeon.
You worshipped Lugonu.
Lugonu was noncommittal.
You visited 1 branch of the dungeon, and saw 1 of its levels.
You visited the Abyss 1 time.

You collected 30 gold pieces.

Inventory:

Hand Weapons
 a - a +1 hand axe (weapon)
 d - a +2 glaive of freezing
Armour
 b - a +0 leather armour (worn)
 g - a +0 plate armour
Potions
 c - a potion of magic {unknown}
 e - a potion of invisibility {unknown}
 f - 2 potions of resistance {unknown}


   Skills:
 - Level 3.2 Fighting
 + Level 3.0 Axes
 - Level 2.1 Armour
 - Level 0.8 Dodging
 - Level 2.1 Invocations


You had one spell level left.
You didn't know any spells.
Your spell library was empty.

Dungeon Overview and Level Annotations

Branches:
Dungeon (1/15)

Altars:


Innate Abilities, Weirdness & Mutations

You cannot be hasted, slowed, berserked, paralysed or teleported.
You can dig through walls and to a lower floor.
Your four strong arms can wield two-handed weapons with a shield.
You have a pair of large antennae on your head. (SInv)


Message History

Lugonu accepts your kill.
You barely miss the hobgoblin. The hobgoblin hits you.
You barely miss the hobgoblin. You hit the rat but do no damage.
The hobgoblin closely misses you. The rat closely misses you.
You barely miss the hobgoblin. You hit the rat.
You kill the rat!
Lugonu accepts your kill.
Your Axes skill increases to level 3!
The hobgoblin hits you. The hobgoblin closely misses you.
You hit the hobgoblin.
The hobgoblin is almost dead.
You barely miss the kobold. You hit the rat but do no damage.
The rat bites you. The kobold hits you with a +0 whip.
* * * LOW HITPOINT WARNING * * *
The hobgoblin hits you.
* * * LOW HITPOINT WARNING * * *
The rat barely misses you. The kobold hits you but does no damage.
The hobgoblin misses you. The kobold hits you with a +0 whip.
You die...

########## # .. #........#
#
.##.###########.######.###
...........#.......###.#..
.........#.#.##.##.#.#.#.#
.....##..#.##........#.#
.g#r#..#.#####.....#.#
#)#l....# #....##.#
#r.@.### #.......#
#.#gK..# ###.##### #.....#
#.# #...)$(# ##+# #(.....#
##...## #....... ##.....##
#..^....# ##.......##
#.#......# #..........
#.#.#...... +..........


You could see a hobgoblin, a kobold, a frilled lizard and 2 rats.

Vanquished Creatures
  A ball python (D:1)
  A goblin (D:1)
  5 hobgoblins (D:1)
  2 kobolds (D:1)
  2 rats (D:1)
11 creatures vanquished.

Notes
Turn   | Place    | Note
-------+----------+-------------------------------------------
     0 | Abyss:1  | PentaManta the Formicid Abyssal Knight began the quest for
                  | the Orb.
     0 | Abyss:1  | Reached XP level 1. HP: 18/18 MP: 2/2
    72 | Abyss:2  | Noticed a large abomination
    79 | Abyss:2  | Noticed a small abomination
    84 | Abyss:2  | Noticed a large abomination
    92 | D:1      | Escaped the Abyss
   234 | D:1      | Reached XP level 2. HP: 24/24 MP: 3/3
   314 | D:1      | Slain by a kobold

Illustrated notes

Levels and vault maps discovered:
D:1:      onia_arrival_mini_spirals, layout_loops_corners,
          minmay_misc_feat_secret_circle, ashenzari_altar_1

Skill      XL: |  1  2 |
---------------+-------+-----
Axes           | 3 |  3.0
Fighting       | |  3.2
Armour         | |  2.1
Dodging        | |  0.8
Invocations    | |  2.1

Action                   || total
-------------------------++-------
Melee: Hand axe          ||    24
Invok: Depart the Abyss  ||     1
Armor: Leather armour    ||     6
Dodge: Dodged            ||    27

Table legend: (Time is in decaauts)
 A = Elapsed time spent in this place.
 B = Non-inter-level travel time spent in this place.
 C = Inter-level travel time spent in this place.
 D = Time resting spent in this place.
 E = Time spent auto-exploring this place.
 F = Levels seen in this place.
 G = Mean time per level.
                   A        B        C        D        E       F      G
               +--------+--------+--------+--------+--------+-----+--------+
         Total |    316 |    316 |      0 |      0 |    160 |   3 |  105.3 |
       Dungeon |    225 |    225 |      0 |      0 |    160 |   1 |  225.0 |
         Abyss |     91 |     91 |      0 |      0 |      0 |   2 |   45.5 |
               +--------+--------+--------+--------+--------+-----+--------+

Top non-repeatable levels by time:
     D:1: 225 daAuts
 Abyss:2: 46 daAuts
 Abyss:1: 45 daAuts
